Map: Blackburn LE

Players

Solar - Winner!

  • Race: Zerg Zerg

LiquidClem (Clem)

  • Race: Terran Terran

Event: ASUS ROG Fall 2021

VOD

Have the link to the VOD?

Description

Time

  • Played on: Sept. 17, 2021, 2:58 p.m.
  • Length: 30:16

All games in this series

Show
View Real Time Build Order
Export as new Build Order

Solar Zerg - Winner!

Build Orders: Hatch First, Lurkers 

Get SALT Encoding   

  12  0:00  Drone  
  13  0:12  Overlord  
  13  0:17  Drone  
  14  0:31  Drone x2  
  16  0:49  Hatchery  
  15  0:52  Drone  
  15  0:55  Drone  
  17  0:58  Drone  
  18  1:10  Extractor  
  17  1:14  Spawning Pool  
  17  1:17  Drone  
  17  1:20  Drone  
  18  1:29  Drone  
  19  1:39  Drone  
  20  1:57  Hatchery  
  20  2:01  Queen  
  21  2:02  Zergling x2  
  21  2:03  Zergling x2  
  23  2:11  Queen  
  25  2:18  Overlord  
  25  2:24  Drone  
  25  2:27  Zergling x2  
  27  2:35  Metabolic Boost  
  26  2:37  Drone x2  
  26  2:40  Drone  
  26  2:43  Drone  
  30  2:51  Queen  
  30  2:54  Drone  
  30  2:55  Drone  
  34  2:59  Drone  
  34  3:01  Drone  
  36  3:08  Overlord  
  36  3:11  Queen  
  38  3:15  Drone  
  38  3:17  Drone x2  
  41  3:26  Queen  
  41  3:30  Drone  
  41  3:33  Drone x2  
  46  3:36  Drone  
  46  3:37  Overlord  
  46  3:39  Zergling x4  
  49  3:42  Drone  
  49  3:45  Overlord  
  48  3:56  Drone x2  
  48  3:57  Drone x2  
  48  4:02  Drone x3  
  53  4:03  Drone x2  
  53  4:08  Queen  
  57  4:14  Overlord  
  57  4:16  Zergling x4  
  59  4:19  Overlord  
  59  4:21  Drone  
  60  4:26  Overlord  
  60  4:28  Spore Crawler  
  58  4:35  Drone x4  
  58  4:38  Drone  
  58  4:41  Drone x2  
  58  4:42  Drone  
  58  4:43  Drone x2  
  64  4:47  Drone x2  
  64  4:48  Drone  
  64  4:52  Extractor  
  66  4:55  Evolution Chamber x2  
  66  4:56  Drone  
  65  5:02  Drone x3  
  65  5:03  Drone x2  
  70  5:07  Spore Crawler  
  70  5:08  Zergling x2  
  70  5:13  Zergling x10  
  75  5:15  Overlord  
  75  5:17  Drone  
  75  5:19  Drone  
  77  5:22  Spore Crawler  
  77  5:23  Drone x2  
  78  5:29  Zerg Ground Armor Level 1  
  78  5:34  Drone x2  
  70  5:36  Drone  
  70  5:37  Drone  
  70  5:39  Drone x3  
  70  5:42  Drone  
  75  5:46  Lair  
  75  5:50  Drone x4  
  75  5:52  Drone  
  75  5:56  Baneling Nest  
  79  5:59  Drone x3  
  79  6:01  Extractor  
  79  6:02  Queen  
  83  6:05  Overlord  
  83  6:08  Drone x3  
  86  6:13  Drone x3  
  86  6:16  Drone  
  86  6:17  Extractor x2, Drone  
  89  6:23  Zergling x2  
  89  6:24  Zergling x2, Hatchery  
  89  6:25  Zergling x2  
  91  6:27  Zergling x2  
  91  6:28  Zergling x2  
  91  6:30  Zergling x6  
  96  6:33  Overlord  
  96  6:35  Zergling x2  
  96  6:39  Zergling x2  
  96  6:47  Overlord x2  
  96  6:49  Overlord  
  96  6:53  Zergling x8  
  98  6:57  Zergling x8, Centrifical Hooks  
  98  6:58  Zerg Melee Weapons Level 1  
  102  7:01  Baneling x9  
  102  7:02  Baneling  
  102  7:03  Zergling x2  
  102  7:05  Overlord  
  102  7:07  Zergling x2  
  104  7:11  Overseer  
  104  7:12  Zergling x2  
  104  7:15  Zergling x12  
  110  7:20  Zergling x4  
  113  7:27  Zergling x8  
  117  7:32  Hatchery, Zerg Ground Armor Level 2  
  117  7:34  Zergling x4  
  116  7:40  Zergling x6  
  115  7:47  Zergling x16  
  123  7:52  Infestation Pit  
  123  7:53  Baneling x3  
  123  7:56  Drone x2  
  123  7:59  Zergling x8  
  127  8:07  Overlord x2  
  127  8:13  Drone  
  127  8:14  Drone  
  127  8:18  Drone x2  
  113  8:20  Drone x3  
  113  8:23  Zergling x6  
  111  8:29  Zergling x4  
  111  8:31  Hydralisk Den, Hive  
  111  8:32  Baneling x6  
  111  8:33  Baneling x2  
  110  8:34  Zergling x2  
  110  8:40  Zergling x4  
  113  8:43  Drone  
  113  8:45  Extractor  
  107  8:50  Drone  
  107  8:51  Zergling x8  
  107  8:54  Queen, Drone  
  113  8:59  Zergling x8  
  113  9:00  Zergling x2  
  118  9:03  Baneling x5  
  118  9:04  Zerg Melee Weapons Level 2  
  118  9:06  Zergling x6  
  118  9:07  Overlord  
  118  9:08  Lurker Den  
  118  9:09  Drone  
  121  9:11  Drone, Hatchery  
  121  9:14  Zergling x8  
  125  9:18  Grooved Spines  
  125  9:19  Drone  
  125  9:21  Hydralisk  
  125  9:22  Hydralisk x2  
  132  9:27  Overlord  
  132  9:29  Zergling x8, Baneling x2  
  132  9:30  Zergling x4  
  136  9:36  Zergling x8  
  136  9:38  Baneling x4  
  139  9:41  Extractor  
  139  9:42  Spore Crawler, Drone x4  
  141  9:46  Viper x2  
  141  9:48  Viper  
  141  9:49  Baneling x2  
  141  9:50  Baneling  
  141  9:52  Zerg Missile Weapons Level 1  
  150  9:54  Zergling x6  
  150  9:58  Overlord  
  152  10:00  Zergling x6  
  152  10:06  Zergling x6  
  157  10:10  Zergling x8  
  157  10:11  Baneling  
  157  10:12  Baneling x12  
  158  10:17  Zergling x10  
  158  10:20  Zergling x2  
  157  10:27  Seismic Spines  
  157  10:28  Zergling x6  
  147  10:30  Zergling x14  
  147  10:38  Zergling x8  
  134  10:43  Zergling x2  
  134  10:48  Zergling x8  
  126  10:50  Baneling x8  
  126  10:53  Zergling x12, Baneling x2  
  132  11:00  Hydralisk  
  132  11:01  Hydralisk x2  
  132  11:03  Zergling x8  
  139  11:06  Lurker x2  
  139  11:09  Drone x2  
  139  11:11  Zergling x4  
  143  11:15  Hydralisk  
  143  11:16  Zergling x2, Adrenal Glands  
  142  11:23  Zerg Melee Weapons Level 3  
  142  11:24  Zergling x14  
  149  11:26  Extractor  
  149  11:30  Zergling x12  
  139  11:40  Zergling x2  
  139  11:43  Hydralisk x2  
  139  11:47  Hydralisk x3  
  128  11:52  Hydralisk x3  
  128  11:54  Zergling x14  
  142  12:00  Zergling x12  
  152  12:10  Adaptive Talons  
  152  12:12  Lurker x4  
  152  12:14  Overlord x2  
  156  12:20  Baneling  
  156  12:21  Zergling x2, Baneling x3  
  156  12:22  Zergling x10  
  158  12:28  Overseer x2  
  143  12:30  Zergling x12  
  143  12:36  Hydralisk x3  
  131  12:37  Zergling x2  
  131  12:44  Zergling x10  
  130  12:45  Zergling x2  
  130  12:47  Pneumatized Carapace  
  130  12:50  Zergling x2  
  132  12:51  Drone x2  
  134  12:59  Lurker x3  
  134  13:00  Zergling x2  
  134  13:01  Zergling x4  
  134  13:04  Drone x3  
  138  13:06  Drone x2  
  135  13:15  Muscular Augments  
  135  13:16  Hydralisk x4  
  135  13:19  Baneling x3  
  143  13:20  Baneling x3  
  143  13:23  Hydralisk  
  143  13:24  Zergling x2  
  146  13:29  Hydralisk x2  
  146  13:33  Zergling x2  
  146  13:34  Zergling x8  
  154  13:35  Zergling x2  
  154  13:42  Zergling x4  
  141  13:50  Zergling x14  
  141  13:54  Zergling x2  
  141  13:55  Zergling x6  
  147  14:00  Baneling  
  147  14:01  Baneling x4  
  133  14:05  Zergling x10  
  138  14:10  Baneling Nest  
  138  14:12  Hydralisk x3  
  138  14:14  Zergling x6  
  138  14:17  Overlord  
  145  14:22  Lurker x2  
  145  14:23  Lurker x4  
  149  14:26  Zergling x6  
  152  14:31  Zergling x2  
  152  14:32  Zergling x4  
  152  14:34  Overseer x2  
  152  14:35  Hydralisk x2  
  152  14:37  Hydralisk  
  161  14:40  Zergling x4  
  161  14:43  Hydralisk  
  165  14:49  Hydralisk  
  167  14:54  Zergling x2  
  167  14:56  Baneling x12  
  168  15:06  Zergling x2  
  168  15:09  Hydralisk  
  166  15:15  Hydralisk  
  166  15:20  Zergling x8  
  167  15:22  Overlord x2  
  167  15:27  Lurker x6  
  167  15:36  Baneling x6  
  167  15:39  Zerg Missile Weapons Level 2  
  167  15:41  Zergling x20  
  177  15:43  Hatchery  
  177  15:47  Zergling x6  
  178  15:53  Zergling x6  
  178  15:56  Hydralisk  
  180  16:02  Zergling x2  
  183  16:07  Overlord  
  183  16:08  Overlord  
  180  16:11  Overlord  
  180  16:12  Overlord  
  180  16:13  Baneling x9  
  180  16:14  Baneling x3  
  180  16:15  Overlord  
  180  16:16  Overlord  
  166  16:25  Zergling x2  
  166  16:26  Zergling x14  
  166  16:31  Zergling x2  
  169  16:35  Overseer x2  
  169  16:36  Drone x2  
  169  16:37  Queen  
  169  16:38  Zergling x4  
  169  16:39  Queen  
  177  16:44  Hydralisk  
  179  16:47  Zergling x2  
  179  16:48  Baneling x3  
  179  16:50  Zergling x2  
  179  16:51  Zergling x2  
  179  16:56  Zergling x2  
  179  16:57  Zergling x2  
  179  16:58  Baneling x6  
  181  17:05  Zergling x6  
  184  17:09  Zergling x12  
  184  17:12  Zergling x2  
  188  17:26  Zergling x2  
  188  17:27  Zergling x6  
  188  17:29  Lurker  
  193  17:31  Hydralisk x3  
  193  17:32  Zergling x2  
  199  17:43  Zergling x4  
  195  17:48  Zergling x4  
  192  17:52  Zergling x16  
  192  17:55  Zerg Ground Armor Level 3  
  192  17:58  Overseer x2  
  197  17:59  Zergling x12  
  197  18:03  Hydralisk x4  
  195  18:05  Zergling x2  
  195  18:06  Zergling x6  
  197  18:13  Lurker x2  
  194  18:21  Zergling x6  
  194  18:24  Zergling x16  
  196  18:29  Zergling x6  
  196  18:30  Overseer  
  196  18:33  Zergling x2  
  196  18:34  Zergling x2  
  184  18:39  Zergling x6, Hatchery  
  183  18:43  Zergling x14  
  183  18:46  Lurker  
  183  18:47  Lurker x5  
  190  18:50  Hydralisk x2  
  188  18:59  Zergling x8  
  188  19:06  Zergling x14  
  188  19:09  Hydralisk  
  174  19:10  Zergling x2, Hydralisk x2  
  174  19:11  Zergling x6  
  174  19:16  Drone x3  
  174  19:17  Spore Crawler, Drone  
  188  19:22  Zergling x4  
  189  19:24  Lurker x2  
  189  19:26  Hydralisk x2  
  195  19:35  Zergling x8  
  195  19:36  Zergling x4  
  195  19:37  Overlord x5  
  198  19:44  Zergling x10  
  194  19:53  Zergling x6  
  194  19:57  Zergling x8  
  176  20:00  Hydralisk  
  176  20:02  Hydralisk x4  
  184  20:07  Lurker x5  
  184  20:08  Hydralisk x2  
  184  20:09  Hydralisk  
  184  20:13  Hydralisk  
  197  20:14  Zergling x4  
  199  20:23  Baneling  
  199  20:39  Zergling x14  
  199  20:41  Overlord  
  200  20:47  Spore Crawler, Zergling x4  
  198  21:06  Zergling x2  
  198  21:07  Zergling x16  
  191  21:12  Zergling x18  
  191  21:13  Overseer x2  
  191  21:14  Overlord  
  191  21:15  Overseer  
  198  21:20  Zergling x2  
  199  21:27  Baneling x12  
  199  21:28  Baneling x6  
  195  21:40  Baneling x13  
  190  21:53  Zergling x36  
  193  22:02  Viper x2  
  193  22:04  Zergling x2  
  194  22:13  Hydralisk x4  
  194  22:14  Zergling x12  
  190  22:21  Zergling x12  
  179  22:32  Zergling x12  
  180  22:37  Hydralisk x4  
  180  22:40  Zergling x8  
  180  22:41  Zergling x8  
  180  22:44  Overseer  
  180  22:45  Overseer  
  180  22:47  Zergling x10  
  180  22:48  Extractor  
  180  22:49  Extractor  
  172  22:51  Zergling x2  
  172  22:54  Extractor, Overseer  
  172  22:58  Zergling x10  
  167  23:03  Zergling x2  
  165  23:07  Zergling x4  
  165  23:10  Zergling x8  
  171  23:17  Baneling x15  
  171  23:18  Zergling x2  
  171  23:19  Zergling x2  
  168  23:23  Zergling x8, Extractor  
  168  23:24  Baneling  
  171  23:28  Zergling x4  
  171  23:30  Zergling x2  
  171  23:31  Zergling x6, Extractor  
  176  23:35  Lurker  
  176  23:36  Zergling x18  
  176  23:40  Lurker  
  187  23:45  Zergling x8  
  187  23:46  Zergling x4  
  187  23:47  Lurker  
  194  23:56  Zergling x12  
  194  24:01  Baneling  
  194  24:02  Baneling x9  
  197  24:14  Zergling x14  
  200  24:25  Baneling x11  
  200  24:26  Baneling x3  
  195  24:44  Hydralisk x4  
  183  24:49  Zergling x6  
  183  24:50  Zergling x22  
  182  24:57  Hydralisk x2  
  182  24:58  Hydralisk  
  160  25:08  Hydralisk x2  
  160  25:09  Zergling x12  
  138  25:15  Zergling x6  
  138  25:19  Zergling x6  
  141  25:26  Zergling x6  
  135  25:31  Lurker x6  
  135  25:33  Zergling x12  
  135  25:34  Lurker x2  
  147  25:35  Overseer  
  147  25:38  Baneling x2  
  147  25:40  Zergling x6, Hatchery  
  149  25:44  Zergling x2, Baneling x3  
  149  25:45  Zergling x4  
  149  25:46  Overseer  
  152  25:50  Zergling x2  
  152  25:51  Zergling x4  
  152  25:56  Baneling x6  
  154  25:57  Zergling x8  
  154  26:03  Baneling x3  
  159  26:04  Zergling x6  
  159  26:10  Hydralisk  
  159  26:11  Hydralisk  
  163  26:15  Hydralisk  
  163  26:18  Zergling x12  
  169  26:29  Hydralisk  
  169  26:30  Zergling x2, Hydralisk x2  
  169  26:31  Zergling x2  
  168  26:38  Zergling x8  
  166  26:45  Overseer x4  
  162  26:50  Zergling x4  
  164  26:54  Lurker  
  164  26:55  Zergling x2  
  164  26:57  Baneling x2  
  164  27:01  Zergling x6  
  161  27:09  Zergling x8  
  161  27:12  Zergling x2  
  157  27:17  Hydralisk  
  157  27:20  Hydralisk  
  158  27:23  Baneling x6  
  158  27:28  Zergling x4  
  142  27:38  Zergling x12  
  145  27:45  Zergling x6  
  129  27:51  Zergling x4  
  129  27:52  Zergling x2  
  129  27:57  Hydralisk  
  133  28:00  Zergling x2  
  133  28:01  Zergling x2  
  133  28:03  Zergling x2  
  135  28:05  Zergling x2  
  135  28:09  Zergling x4  
  135  28:15  Zergling x4  
  135  28:16  Zergling x2  
  135  28:19  Zergling x2  
  133  28:22  Zergling x6  
  133  28:25  Lurker  
  135  28:28  Zergling x2  
  135  28:31  Zergling x2  
  135  28:34  Zergling x4  
  132  28:42  Zergling x6  
  132  28:47  Zergling x6  
  120  28:50  Zergling x2  
  120  28:53  Lurker  
  122  28:56  Zergling x4  
  122  28:59  Baneling x2  
  124  29:04  Zergling x4  
  124  29:14  Zergling x10  
  129  29:17  Zergling x2  
  129  29:20  Zergling x2  
  129  29:24  Baneling x4  
  127  29:33  Hydralisk x2  
  130  29:39  Zergling x6  
  130  29:41  Zergling x2  
  130  29:44  Overseer  
  134  29:49  Baneling x2  
  134  29:50  Overseer  
  132  29:56  Zergling x6  
Show
View Real Time Build Order
Export as new Build Order

LiquidClem Terran 

Build Orders: Hellion Opening, Reaper Expand 

Get SALT Encoding   

  12  0:00  SCV  
  13  0:12  SCV  
  14  0:17  Supply Depot  
  14  0:24  SCV  
  15  0:38  SCV  
  15  0:39  Barracks  
  16  0:43  Refinery  
  16  0:50  SCV  
  17  1:03  SCV  
  18  1:15  SCV  
  19  1:26  Reaper  
  19  1:27  Orbital Command  
  20  1:39  Command Center  
  20  1:47  Supply Depot  
  20  1:52  SCV  
  21  1:58  Marine  
  22  2:04  SCV  
  23  2:10  Factory  
  23  2:16  SCV  
  23  2:21  Barracks Reactor  
  24  2:25  Refinery  
  24  2:29  SCV  
  25  2:41  SCV  
  26  2:51  Orbital Command  
  26  2:53  SCV  
  26  2:57  Starport  
  27  3:02  Hellion  
  27  3:03  Hellion  
  27  3:05  SCV  
  32  3:06  Marine  
  32  3:12  Supply Depot  
  33  3:17  SCV x2  
  35  3:24  Hellion x2  
  39  3:29  SCV  
  39  3:33  Medivac  
  42  3:35  Barracks Tech Lab  
  42  3:37  Supply Depot  
  42  3:38  SCV  
  43  3:41  SCV  
  43  3:45  Hellion  
  43  3:46  Hellion  
  48  3:50  SCV  
  48  3:53  SCV  
  49  4:00  Supply Depot  
  49  4:02  SCV  
  48  4:05  Liberator  
  48  4:07  Hellion  
  48  4:08  Hellion  
  55  4:10  Stimpack  
  55  4:11  SCV  
  55  4:16  SCV  
  55  4:25  Command Center  
  55  4:28  SCV  
  55  4:30  SCV  
  55  4:31  Marine  
  56  4:44  SCV x2, Barracks  
  58  4:48  Marine  
  58  4:49  Barracks  
  58  4:52  Factory Tech Lab  
  59  4:53  Starport Reactor  
  59  4:56  SCV  
  59  4:57  SCV  
  59  4:59  Supply Depot  
  61  5:06  Marine, Engineering Bay  
  62  5:07  Engineering Bay  
  62  5:08  SCV  
  62  5:09  Refinery, SCV  
  62  5:13  Refinery  
  64  5:20  Supply Depot, SCV  
  65  5:21  SCV  
  65  5:24  Marine  
  67  5:32  SCV  
  67  5:33  SCV  
  67  5:41  Siege Tank  
  67  5:42  Marine, Terran Infantry Armor Level 1, Orbital Command, Terran Infantry Weapons Level 1  
  63  5:44  Marine x2  
  63  5:47  Starport Reactor  
  63  5:49  Marine x2, SCV  
  68  5:51  SCV  
  68  5:53  Combat Shield  
  66  6:00  Marine  
  66  6:01  SCV  
  66  6:02  Barracks  
  66  6:03  Marine, Barracks  
  69  6:04  Marine  
  69  6:05  Orbital Command  
  69  6:06  Marine  
  69  6:07  SCV  
  69  6:10  Marine  
  73  6:15  Armory  
  73  6:17  Siege Tank  
  78  6:18  SCV  
  78  6:22  Marine x2, SCV  
  78  6:24  Marine  
  81  6:26  Medivac  
  81  6:29  Medivac  
  81  6:30  Marine, SCV  
  81  6:31  Marine  
  88  6:34  SCV  
  88  6:38  Supply Depot, SCV  
  90  6:40  Marine  
  90  6:42  SCV  
  90  6:44  Marine x2  
  90  6:46  SCV  
  95  6:50  Siege Tank  
  95  6:51  Marine, Supply Depot  
  99  6:54  Barracks Reactor  
  99  6:55  Marine, SCV  
  99  7:00  SCV  
  99  7:01  Marine, Supply Depot  
  102  7:02  Barracks Reactor  
  102  7:03  Supply Depot  
  102  7:06  SCV  
  102  7:07  SCV, Medivac x2  
  109  7:12  Supply Depot x2  
  109  7:13  Marine x2  
  109  7:15  Marine x2  
  112  7:18  SCV x2  
  112  7:20  Marine  
  116  7:26  Refinery, Factory  
  115  7:31  Marine x4, Siege Tank  
  115  7:32  Marine  
  115  7:35  Marine, SCV  
  120  7:37  SCV x2  
  120  7:38  Marine x2  
  120  7:40  Marine  
  122  7:47  SCV  
  122  7:48  Marine  
  122  7:49  Marine, SCV x2  
  127  7:54  Marine  
  127  7:59  Marine x3, SCV  
  127  8:01  SCV  
  127  8:02  Supply Depot  
  127  8:03  Terran Infantry Weapons Level 2  
  132  8:07  Terran Infantry Armor Level 2  
  132  8:10  Marine x3  
  132  8:12  SCV  
  133  8:22  Marine x2, SCV  
  133  8:23  Marine x2  
  133  8:24  Marine x2  
  132  8:27  Marine  
  132  8:31  Siege Tank  
  132  8:33  Factory  
  136  8:39  Command Center  
  136  8:41  Marine  
  136  8:43  Marine x2  
  136  8:45  Marine  
  136  8:48  Medivac x2  
  144  8:52  Marine x2  
  144  8:53  Marine  
  144  8:54  Marine x2  
  138  8:57  Supply Depot  
  138  8:59  Marine  
  138  9:00  Supply Depot  
  138  9:01  Supply Depot  
  139  9:03  Marine x2  
  139  9:05  Terran Vehicle And Ship Armor Level 1  
  139  9:09  Marine  
  142  9:10  Marine  
  142  9:14  Siege Tank, Drilling Claws  
  142  9:16  Marine x3  
  149  9:19  Marine, Medivac, Factory Reactor  
  152  9:31  Marine  
  152  9:34  Marine x2  
  152  9:35  Marine  
  154  9:38  Marine, Supply Depot  
  154  9:39  Marine x3, Supply Depot  
  154  9:41  Medivac  
  154  9:43  SCV  
  161  9:47  SCV, Widow Mine  
  161  9:48  Sensor Tower  
  161  9:51  Marine x2  
  166  9:54  Marine  
  166  9:55  Supply Depot  
  166  9:59  Marine x5  
  172  10:00  Widow Mine  
  172  10:04  Widow Mine  
  172  10:11  Marine  
  172  10:12  Marine, Widow Mine  
  174  10:18  SCV x2  
  174  10:19  Medivac  
  174  10:21  Marine  
  177  10:22  Marine x4, Widow Mine, Marauder  
  177  10:25  Marine  
  177  10:26  Widow Mine  
  186  10:29  Planetary Fortress  
  186  10:31  SCV  
  185  10:36  Widow Mine  
  185  10:42  Marine, SCV  
  176  10:45  Widow Mine, Medivac  
  176  10:46  Marine x3  
  176  10:47  Marine  
  177  10:50  Marine  
  177  10:53  SCV  
  177  10:54  SCV, Command Center  
  177  10:56  Marine, Widow Mine  
  183  10:57  SCV  
  183  11:03  Marine x2  
  175  11:05  Marine, Widow Mine, Marauder  
  175  11:06  Marine x2  
  175  11:07  Marine  
  175  11:08  Marine  
  175  11:10  SCV  
  183  11:13  Marine  
  183  11:16  Terran Infantry Weapons Level 3  
  181  11:21  Marine x2  
  183  11:28  SCV, Barracks x2  
  183  11:29  SCV, Barracks  
  183  11:30  SCV  
  186  11:33  SCV  
  186  11:38  Marine  
  186  11:39  Marauder  
  177  11:40  SCV  
  177  11:41  Marine  
  177  11:43  Medivac  
  177  11:46  Marine x2  
  168  11:51  Marine  
  168  11:52  Marine  
  168  11:53  Medivac  
  169  11:54  Marine, Siege Tank  
  169  11:57  Widow Mine x2  
  169  12:00  Marauder  
  169  12:05  Marine x2  
  169  12:06  Marine  
  169  12:07  Marine  
  173  12:11  Marine x2  
  173  12:17  Refinery x2  
  173  12:18  Marine x2  
  173  12:19  Widow Mine x2  
  173  12:22  Barracks Tech Lab x3, Marauder  
  181  12:23  Ghost Academy  
  181  12:24  Marine  
  181  12:25  Marine x2  
  183  12:30  Liberator  
  183  12:32  Marine, Widow Mine  
  183  12:36  Marine  
  181  12:38  Medivac  
  181  12:40  Marine  
  181  12:41  Marauder  
  181  12:42  Marine x2  
  181  12:43  Marauder  
  173  12:44  Marauder  
  173  12:46  Marine, Marauder  
  173  12:50  Marine  
  168  12:53  Planetary Fortress  
  168  13:01  Command Center  
  168  13:02  Marauder  
  168  13:04  Marauder  
  171  13:05  Siege Tank  
  171  13:08  Ghost, Liberator  
  171  13:09  Ghost  
  171  13:20  Widow Mine x2  
  171  13:23  Ghost  
  171  13:25  Ghost  
  171  13:26  Terran Infantry Armor Level 3  
  175  13:28  Concussive Shells  
  175  13:30  Marine x2  
  177  13:37  Command Center, Ghost x2  
  177  13:40  Refinery  
  181  13:43  Marine  
  181  13:44  Marine  
  170  13:49  Marine x2  
  170  13:51  Ghost  
  170  13:54  Widow Mine, Marauder  
  165  13:59  Medivac x2  
  165  14:00  Widow Mine  
  170  14:06  Marauder, Ghost  
  170  14:08  Refinery  
  170  14:15  Ghost  
  172  14:17  SCV  
  172  14:18  Command Center  
  172  14:20  Ghost, Command Center  
  172  14:21  SCV  
  172  14:24  Widow Mine x2, Siege Tank  
  176  14:25  Marine x2  
  176  14:27  Marine x2, Ghost  
  182  14:32  Marine x2  
  182  14:33  Marine  
  182  14:35  Ghost  
  187  14:43  Ghost  
  187  14:44  SCV  
  190  14:48  Ghost  
  190  14:50  Missile Turret  
  190  14:55  Ghost  
  190  14:56  Marine  
  190  14:57  SCV, Missile Turret  
  194  15:01  Missile Turret  
  194  15:03  Ghost  
  194  15:06  Marine  
  178  15:10  Marine, Widow Mine  
  178  15:11  SCV  
  178  15:12  Ghost  
  178  15:14  Medivac  
  171  15:17  Ghost  
  171  15:24  Ghost  
  171  15:27  Marine  
  174  15:31  Refinery  
  174  15:32  Hellion, Ghost  
  174  15:33  Planetary Fortress  
  174  15:34  Refinery, SCV  
  174  15:35  Command Center  
  179  15:40  Ghost  
  181  15:45  Ghost  
  183  15:50  Marine x3  
  183  15:51  Marine  
  183  15:52  Ghost  
  183  15:54  SCV  
  183  15:56  Sensor Tower  
  189  15:59  Missile Turret  
  189  16:01  Orbital Command  
  189  16:03  Orbital Command  
  186  16:09  Ghost  
  186  16:10  Widow Mine  
  190  16:12  Widow Mine  
  190  16:15  Marauder  
  194  16:20  Widow Mine  
  194  16:22  SCV  
  194  16:23  SCV  
  194  16:25  Personal Cloaking  
  193  16:31  Widow Mine  
  189  16:34  Widow Mine  
  189  16:36  Barracks, Ghost  
  189  16:39  Ghost, Missile Turret  
  195  16:43  Widow Mine  
  195  16:45  Marine  
  197  16:47  Sensor Tower  
  197  16:48  SCV x2  
  197  16:49  SCV  
  200  17:00  Refinery, Sensor Tower, Missile Turret  
  200  17:02  Command Center  
  200  17:05  Command Center  
  200  17:07  Terran Vehicle And Ship Armor Level 2  
  200  17:17  Missile Turret  
  200  17:18  Missile Turret  
  200  17:26  Command Center, Missile Turret  
  200  17:35  Neosteel Armor, Hi-Sec Auto Tracking  
  200  17:50  Enhanced Shockwaves  
  200  17:51  Marine  
  200  17:52  Marauder  
  193  18:04  Liberator  
  193  18:05  Widow Mine  
  182  18:07  Ghost  
  182  18:08  Marine x3  
  182  18:09  Widow Mine  
  182  18:12  Ghost x2  
  189  18:14  Marine  
  192  18:25  Widow Mine  
  189  18:29  Widow Mine  
  173  18:36  Orbital Command x2, Ghost  
  173  18:40  Ghost  
  173  18:41  Orbital Command, Ghost  
  178  18:49  Barracks Tech Lab  
  178  18:51  SCV  
  178  18:55  Command Center  
  165  19:02  Widow Mine x2  
  165  19:03  Widow Mine  
  165  19:04  Liberator, Ghost  
  165  19:05  Liberator  
  165  19:08  SCV  
  165  19:09  Ghost x2  
  156  19:11  Ghost  
  156  19:12  Marine x2  
  156  19:13  Marine x5  
  163  19:18  Planetary Fortress  
  163  19:22  Marine  
  164  19:25  Orbital Command  
  164  19:29  Marine  
  164  19:33  SCV, Ghost  
  164  19:37  Ghost  
  164  19:38  Ghost  
  168  19:39  Ghost  
  168  19:40  SCV x2  
  168  19:45  Missile Turret  
  171  19:47  SCV  
  171  19:48  SCV  
  172  19:56  Marine x2, Widow Mine  
  176  20:01  Ghost  
  176  20:06  Ghost x2  
  179  20:08  Ghost  
  179  20:10  Marine  
  179  20:11  Viking x2  
  188  20:14  Terran Vehicle And Ship Armor Level 3  
  188  20:19  Widow Mine x2  
  188  20:20  Widow Mine  
  194  20:30  Ghost  
  194  20:32  Orbital Command  
  194  20:34  Ghost  
  194  20:35  Ghost  
  198  20:41  Sensor Tower  
  200  20:43  Missile Turret  
  200  20:51  Orbital Command, Starport  
  200  20:52  Starport  
  200  20:53  Fusion Core  
  200  20:59  Command Center  
  200  21:03  Ghost x2  
  198  21:07  Widow Mine  
  195  21:19  Missile Turret  
  195  21:22  Missile Turret x2  
  195  21:23  Refinery, Sensor Tower  
  195  21:36  Sensor Tower  
  195  21:37  Refinery, Missile Turret x2  
  195  21:39  Refinery, Missile Turret  
  195  21:40  Viking x2  
  195  21:45  Viking  
  195  21:56  Ghost  
  195  21:57  Ghost  
  195  22:01  Ghost  
  196  22:08  Medivac  
  193  22:10  Marine x4  
  193  22:11  Widow Mine  
  180  22:17  Marine x2, Medivac  
  180  22:18  Marine x2, Widow Mine  
  180  22:19  SCV  
  182  22:24  Widow Mine, Ghost  
  182  22:27  Orbital Command  
  182  22:28  Marine x3  
  141  22:37  Liberator  
  136  22:53  Ghost  
  136  22:55  Orbital Command  
  128  23:00  SCV  
  129  23:10  Marine x3, Widow Mine  
  130  23:13  Refinery  
  130  23:16  Command Center  
  128  23:21  Ghost  
  128  23:23  Missile Turret  
  128  23:25  SCV, Missile Turret  
  131  23:33  Barracks  
  133  23:36  Barracks, Starport Reactor x2  
  133  23:37  Barracks x2  
  133  23:38  Marine x2  
  135  23:42  Orbital Command, Siege Tank  
  135  23:43  Liberator  
  135  23:45  SCV  
  140  23:50  Ghost  
  140  23:52  Marine  
  143  23:58  Marine x2  
  143  24:00  Liberator  
  148  24:14  Siege Tank  
  147  24:18  Ghost  
  147  24:21  Refinery  
  147  24:22  Barracks Tech Lab  
  149  24:24  Barracks Tech Lab  
  149  24:25  Barracks Tech Lab  
  149  24:31  Barracks Tech Lab  
  143  24:40  Ghost  
  143  24:43  Ghost  
  143  24:44  Marine x3  
  138  24:46  Widow Mine  
  138  24:47  Ghost x2  
  138  24:49  Marine  
  113  24:55  Ghost  
  113  24:56  Marine x4  
  106  25:02  Marine x2  
  108  25:08  Orbital Command, Widow Mine, Ghost  
  108  25:12  Ghost  
  107  25:15  Ghost  
  107  25:16  Ghost  
  107  25:21  SCV  
  102  25:26  Ghost  
  103  25:29  Widow Mine  
  105  25:37  Ghost  
  107  25:44  Ghost  
  109  26:01  Medivac x2  
  110  26:13  Widow Mine  
  110  26:15  Marine  
  110  26:16  Marine x7  
  110  26:17  Liberator  
  123  26:25  Orbital Command  
  116  26:29  Widow Mine  
  98  26:33  Marine  
  98  26:34  Marine x3  
  98  26:35  Widow Mine  
  98  26:36  Marine  
  94  26:43  Marine  
  94  26:46  Orbital Command  
  95  26:54  Widow Mine  
  97  26:57  Marine  
  97  27:00  Widow Mine  
  100  27:15  Widow Mine  
  100  27:18  SCV  
  100  27:19  SCV  
  100  27:22  Widow Mine  
  104  27:24  Marine  
  85  27:46  Ghost  
  83  27:57  Marine  
  81  27:59  Marine  
  77  28:08  Marine  
  77  28:09  Marine  
  79  28:16  Orbital Command  
  79  28:18  Marine x2  
  74  28:48  Ghost  
  76  28:57  Ghost  
  76  29:15  Widow Mine  
  65  29:20  Orbital Command  
  65  29:22  Marine  
  66  29:33  Widow Mine  
  64  29:50  Widow Mine  
Tags
 
Add a new tag
Caveats
  • Supply blocks, unpowered buildings, or Contaminate may cause inaccurate times.
  • Supply counts are checked every 10 seconds.